 Dungeon Crawl Stone Soup version 0.29-a0-887-gcbe080d7e0 (webtiles) character file.

Game seed: 1738844006675247914

74 flotson the Sneak (level 4, -3/35 HPs)
             Began as a Demonspawn Delver on July 22, 2022.
             Slain by a gnoll
             ... wielding a +0 flail
              (6 damage)
             ... on level 2 of the Dungeon.
             The game lasted 00:03:57 (2391 turns).

flotson the Sneak (Demonspawn Delver)               Turns: 2391, Time: 00:03:58

Health: -3/35      AC:  7    Str: 14    XL:     4   Next: 10%
Magic:  4/4        EV: 11    Int: 12    God:
Gold:   172        SH:  0    Dex: 14    Spells: 3/3 levels left

rFire   . . .      SeeInvis .   l - +0 quarterstaff
rCold   . . .      Faith    .   (shield currently unavailable)
rNeg    . . .      Spirit   .   q - +0 ring mail
rPois   .          Reflect  .   h - +2 hat
rElec   .          Harm     .   (no cloak)
rCorr   .          Rampage  .   (no gloves)
Will    .....                   (no boots)
Stlth   ++........              (no amulet)
HPRegen 0.11/turn               (no ring)
MPRegen 0.09/turn               (no ring)

@: no status effects
A: claws 1, powered by death 1
a: no special abilities


You were on level 2 of the Dungeon.
You visited 1 branch of the dungeon, and saw 5 of its levels.

You collected 172 gold pieces.

Inventory:

Hand Weapons
 a - a +0 spear
 l - a +0 quarterstaff (weapon)
 n - a +2 dagger of venom
Missiles
 j - 6 poisoned darts (quivered)
Armour
 h - a +2 hat (worn)
 q - a +0 ring mail (worn)
Wands
 g - a wand of digging (3)
Scrolls
 b - a scroll of teleportation {unknown}
 c - 3 scrolls of fog
 d - a scroll of magic mapping
 e - 2 scrolls of fear
 i - 3 scrolls of identify {unknown}
 k - 3 scrolls of enchant armour {unknown}
 p - a scroll of torment {unknown}
 r - a scroll of amnesia {unknown}
 s - a scroll of vulnerability {unknown}
Potions
 f - a potion of haste
 m - a potion of curing {unknown}
 o - a potion of mutation {unknown}
 t - a potion of might {unknown}


   Skills:
 + Level 3.4 Fighting
 + Level 1.1(1.6) Axes
 - Level 1.7(2.0) Polearms
 + Level 1.1 Throwing
 + Level 1.1 Armour
 + Level 2.2 Dodging
 - Level 4.5 Stealth
 + Level 1.2 Evocations


You had 3 spell levels left.
You didn't know any spells.
Your spell library contained the following spells:

 Spells                   Type           Power      Damage    Failure   Level
 Freeze                   Ice            0%         1d3       56%         1
 Frozen Ramparts          Ice            0%         1d2       90%         3
 Hailstorm                Conj/Ice       0%         3d3       100%        4


Dungeon Overview and Level Annotations

Branches:
Dungeon (5/15)
 Temple: D:4-7

Altars:
Makhleb
Trog
Wu Jian

Annotations:
D:5 Sigmund


Innate Abilities, Weirdness & Mutations

You have sharp fingernails.
You regenerate a little health from kills.


Message History

The gnoll is moderately wounded.
The bat misses you. The gnoll hits you with a +0 halberd. The gnoll misses you.
The gnoll closely misses you.
You closely miss the gnoll.
The gnoll is moderately wounded.
The bat closely misses you. The gnoll barely misses you.
The bat hits you but does no damage. The gnoll hits you with a +0 flail!
You barely miss the gnoll.
The gnoll is moderately wounded.
The bat hits you but does no damage. The gnoll closely misses you.
The gnoll misses you.
You hit the gnoll but do no damage.
The gnoll is moderately wounded.
The bat closely misses you. The gnoll hits you with a +0 halberd!
The gnoll closely misses you. The gnoll hits you with a +0 halberd!
* * * LOW HITPOINT WARNING * * *
The gnoll barely misses you.
You are too injured to fight recklessly!
You are too injured to fight recklessly!
The gnoll attacks as you move away! The gnoll closely misses you.
The bat hits you but does no damage. The gnoll closely misses you.
The bat barely misses you. The bat misses you. The bat closely misses you.
The bat barely misses you. The bat hits you but does no damage.
The bat closely misses you. The gnoll attacks as you move away!
The gnoll hits you but does no damage. The gnoll attacks as you move away!
The gnoll hits you with a +0 flail!
* * * LOW HITPOINT WARNING * * *
The bat barely misses you. The gnoll attacks as you move away!
The gnoll barely misses you.
You see here 3 stones.
The gnoll attacks as you move away! The gnoll misses you.
The bat attacks as you move away! The bat hits you but does no damage. x2
The bat hits you but does no damage. The gnoll attacks as you move away!
The gnoll misses you. The bat closely misses you.
The bat hits you but does no damage. The gnoll attacks as you move away!
The gnoll hits you with a +0 flail.
You die...

#.#####...†...###....##
#.#...................
#.#.###......#####...#
#.#.# #......# #...#
#.#.# ####.### #...#
#.#.# ##.#######...##
#.#.# #..............
#.#.##############...#.
#.#...@b..g.(..........
#.#####g....##########.
#............... .....
#######.....#### ####.
#.....# #. ####### #.
#. #. #.


You could see 2 gnolls and a bat.

Vanquished Creatures
  A gnoll (D:1)
  An adder (D:2)
  3 worms (D:2)
  3 dart slugs
  An orc (D:4)
  6 ball pythons
  2 bats
  4 hobgoblins
  5 jackals (D:1)
  A quokka (D:1)
  2 frilled lizards
  A goblin (D:3)
  5 kobolds
  5 rats
40 creatures vanquished.

Notes
Turn   | Place    | Note
-------+----------+-------------------------------------------
     0 | D:5      | flotson the Demonspawn Delver began the quest for the Orb.
     0 | D:5      | Reached XP level 1. HP: 18/18 MP: 1/1
    70 | D:5      | Noticed Sigmund
   222 | D:4      | Noticed a hound
   415 | D:4      | Found a burning altar of Makhleb.
   416 | D:4      | Found an ornate altar of the Wu Jian Council.
   416 | D:4      | Found a bloodstained altar of Trog.
   523 | D:3      | Gained mutation: You regenerate a little health from kills.
                  | [demonic ancestry]
   523 | D:3      | Reached XP level 2. HP: 21/24 MP: 2/2
  1354 | D:1      | Reached XP level 3. HP: 25/29 MP: 3/3
  1794 | D:2      | Found a faded altar of an unknown god.
  1885 | D:2      | Reached skill level 1 in Axes
  1908 | D:2      | Reached skill level 1 in Evocations
  1914 | D:2      | Reached skill level 1 in Armour
  1928 | D:2      | Reached skill level 1 in Throwing
  1994 | D:1      | Gained mutation: You have sharp fingernails. [demonic
                  | ancestry]
  1994 | D:1      | Reached XP level 4. HP: 4/35 MP: 4/4
  2380 | D:2      | HP: 1/35 [gnoll/+0 flail (8)]
  2391 | D:2      | Slain by a gnoll

Illustrated notes

Levels and vault maps discovered:
D:1:      psy_arrival_heroes, layout_loops_ring, nicolae_hexahallways,
          minmay_misc_feat_square, minmay_surrounded
D:2:      layout_basic, basic_ecumenical_altar, uniq_terence
D:3:      layout_loops_ring, serial_shops, shop, minmay_distorted
D:4:      nicolae_BIG_FREAKIN_CUBE, layout_basic,
          chequers_temple_overflow_statue_of_worship
D:5:      layout_cave_pods, mainiacjoe_overflow_small_starburst, serial_shops,
          nicolae_shop_overgrown_old_shop, uniq_sigmund

Skill      XL: |  1  2  3 |
---------------+----------+-----
Dodging        | 2 |  2.2
Axes           | 1 |  1.1
Evocations     | 1 |  1.2
Armour         | 1 |  1.1
Throwing       | 1 |  1.1
Fighting       | |  3.4
Polearms       | |  1.7
Stealth        | |  4.5

Action                   |  1- 3 |  4- 6 || total
-------------------------+-------+-------++-------
Melee: Spear             |    16 |       ||    16
       Quarterstaff      |    81 |    14 ||    95
 Stab: Sleeping          |     8 |       ||     8
Armor: Leather armour    |     6 |       ||     6
       Ring mail         |    20 |    14 ||    34
Dodge: Dodged            |    57 |    27 ||    84

Table legend: (Time is in decaauts)
 A = Elapsed time spent in this place.
 B = Non-inter-level travel time spent in this place.
 C = Inter-level travel time spent in this place.
 D = Time resting spent in this place.
 E = Time spent auto-exploring this place.
 F = Levels seen in this place.
 G = Mean time per level.
                   A        B        C        D        E       F      G
               +--------+--------+--------+--------+--------+-----+--------+
         Total |   2413 |   2208 |    205 |    175 |   1510 |   5 |  482.6 |
       Dungeon |   2413 |   2208 |    205 |    175 |   1510 |   5 |  482.6 |
               +--------+--------+--------+--------+--------+-----+--------+

Top non-repeatable levels by time:
     D:1: 1313 daAuts
     D:2: 514 daAuts
     D:4: 354 daAuts
     D:3: 134 daAuts
     D:5: 97 daAuts
